TOP OF THE 1ST |
New Jersey Devils batting - Pitching for Hamilton Cardinals : RHP Ryan Zart
|
Pitching: RHP Ryan Zart
|
|
Batting: SHB Tyler Maddux
|
0-0: Ball 1-0: Ball 2-0: Ground out 1-3 (Groundball, 34S, EV 74.4 MPH)
|
Batting: LHB Randolph Brodbeck
|
0-0: Ball 1-0: Fly out, F7 (Line Drive, 78M, EV 99.4 MPH)
|
Batting: RHB Jim Freels
|
0-0: Ball 1-0: Ball 2-0: Foul Ball, location: 2F 2-1: Ball 3-1: Swinging Strike 3-2: SINGLE (Flyball, 8LS, EV 96.9 MPH)
|
Batting: RHB Brian Bonin
|
0-0: Ball 1-0: Called Strike 1-1: Swinging Strike 1-2: Ball 2-2: Fielders Choice at 2nd, 6-4 (Groundball, 6, EV 106.2 MPH)
|
Top of the 1st over - 0 runs, 1 hit, 0 errors, 1 left on base; New Jersey 0 - Hamilton 0 |
BOTTOM OF THE 1ST |
Hamilton Cardinals batting - Pitching for New Jersey Devils : LHP Pedro Botello
|
Pitching: LHP Pedro Botello
|
|
Batting: LHB Mike East
|
0-0: Foul Ball, location: 2F 0-1: Foul Ball, location: 2F 0-2: Ball 1-2: Ball 2-2: Reached on error, E5 (Groundball, 5, EV 88.1 MPH)
|
Batting: SHB J.T. Ready
|
0-0: Ball Mike East is caught stealing 2nd base 2-4 1-0: Called Strike 1-1: Foul Ball, location: 2F 1-2: Fly out, F7 (Flyball, 7LM, EV 89.4 MPH)
|
Batting: RHB Mario Carbajal
|
0-0: Ball 1-0: Reached on error, E5 (Groundball, 5, EV 102.5 MPH)
|
Batting: RHB Joey Black
|
0-0: Ball 1-0: Fly out, F6 (Popup, 6D, EV 48.8 MPH)
|
Bottom of the 1st over - 0 runs, 0 hits, 2 errors, 1 left on base; New Jersey 0 - Hamilton 0 |
TOP OF THE 2ND |
New Jersey Devils batting - Pitching for Hamilton Cardinals : RHP Ryan Zart
|
Batting: RHB Craig Alvarado
|
0-0: Ball 1-0: Ball 2-0: Foul Ball, location: 2F 2-1: Foul Ball, location: 2F 2-2: Foul Ball, location: 2F 2-2: Foul Ball, location: 2F 2-2: Fly out, F7 (Flyball, 7D, EV 93.1 MPH)
|
Batting: RHB Sergio Andrada
|
0-0: Ball 1-0: Fly out, F9 (Flyball, 9, EV 89.4 MPH)
|
Batting: RHB Eric Zylstra
|
0-0: Ball 1-0: Foul Ball, location: 2F 1-1: Ground out 4-3 (Groundball, 4, EV 84.4 MPH)
|
Top of the 2nd over - 0 runs, 0 hits, 0 errors, 0 left on base; New Jersey 0 - Hamilton 0 |
BOTTOM OF THE 2ND |
Hamilton Cardinals batting - Pitching for New Jersey Devils : LHP Pedro Botello
|
Batting: RHB Shou-feng Chang
|
0-0: Ball 1-0: Ball 2-0: Ball 3-0: Foul Ball, location: 2F 3-1: Swinging Strike 3-2: Foul Ball, location: 2F 3-2: Base on Balls
|
Batting: LHB Pete Mitchell
|
0-0: Called Strike 0-1: Foul Ball, location: 2F 0-2: Strikes out swinging
|
Batting: RHB David Snyder
|
0-0: Called Strike 0-1: Called Strike 0-2: Strikes out swinging
|
Batting: SHB Felipe Campanella
|
0-0: Ball 1-0: Foul Ball, location: 2F 1-1: Ball 2-1: Ball 3-1: Swinging Strike 3-2: Foul Ball, location: 2F 3-2: Strikes out swinging
|
Bottom of the 2nd over - 0 runs, 0 hits, 0 errors, 1 left on base; New Jersey 0 - Hamilton 0 |
TOP OF THE 3RD |
New Jersey Devils batting - Pitching for Hamilton Cardinals : RHP Ryan Zart
|
Batting: SHB Ernesto Mazas
|
0-0: Called Strike 0-1: Called Strike 0-2: Ball 1-2: Ball 2-2: Foul Ball, location: 2F 2-2: SINGLE (Groundball, 56S, EV 66.2 MPH) (infield hit)
|
Batting: RHB Oscar Ramirez
|
0-0: Called Strike 0-1: Foul Ball, location: 2F 0-2: Fielders Choice at 2nd, 6-4 (Groundball, 6, EV 99.4 MPH)
|
Batting: SHB Tyler Maddux
|
0-0: Fly out, F5 (Popup, 5DF, EV 51.2 MPH)
|
Batting: LHB Randolph Brodbeck
|
0-0: Called Strike 0-1: Ball 1-1: Called Strike 1-2: SINGLE (Groundball, 56S, EV 72.5 MPH) (infield hit) Oscar Ramirez to second
|
Batting: RHB Jim Freels
|
0-0: Ball 1-0: Foul Ball, location: 2F 1-1: Swinging Strike 1-2: Strikes out looking
|
Top of the 3rd over - 0 runs, 2 hits, 0 errors, 2 left on base; New Jersey 0 - Hamilton 0 |
BOTTOM OF THE 3RD |
Hamilton Cardinals batting - Pitching for New Jersey Devils : LHP Pedro Botello
|
Batting: SHB Brad Meyer
|
0-0: Called Strike 0-1: Swinging Strike 0-2: Ball 1-2: Foul Ball, location: 2F 1-2: Ball 2-2: Ball 3-2: Strikes out swinging
|
Batting: LHB Mike East
|
0-0: Ball 1-0: Ball 2-0: Ball 3-0: Base on Balls
|
Batting: SHB J.T. Ready
|
0-0: Foul Ball, location: 2F 0-1: Foul Ball, location: 2F 0-2: Fly out, F8 (Flyball, 8LD, EV 104.4 MPH)
|
Batting: RHB Mario Carbajal
|
0-0: Called Strike 0-1: Ball 1-1: Fly out, F9 (Flyball, 9, EV 91.2 MPH)
|
Bottom of the 3rd over - 0 runs, 0 hits, 0 errors, 1 left on base; New Jersey 0 - Hamilton 0 |
TOP OF THE 4TH |
New Jersey Devils batting - Pitching for Hamilton Cardinals : RHP Ryan Zart
|
Batting: RHB Brian Bonin
|
0-0: Ball 1-0: Ball 2-0: Foul Ball, location: 2F 2-1: Foul Ball, location: 2F 2-2: Ball 3-2: Strikes out looking
|
Batting: RHB Craig Alvarado
|
0-0: Ball 1-0: Called Strike 1-1: Ball 2-1: Foul Ball, location: 2F 2-2: Foul Ball, location: 2F 2-2: Ground out 6-3 (Groundball, 6, EV 106.2 MPH)
|
Batting: RHB Sergio Andrada
|
0-0: SINGLE (Groundball, 4MD, EV 96.9 MPH)
|
Batting: RHB Eric Zylstra
|
0-0: Ball 1-0: Fly out, F8 (Line Drive, 8RD, EV 85.6 MPH)
|
Top of the 4th over - 0 runs, 1 hit, 0 errors, 1 left on base; New Jersey 0 - Hamilton 0 |
BOTTOM OF THE 4TH |
Hamilton Cardinals batting - Pitching for New Jersey Devils : LHP Pedro Botello
|
Batting: RHB Joey Black
|
0-0: Ball 1-0: SINGLE (Line Drive, 5D, EV 93.8 MPH)
|
Batting: RHB Shou-feng Chang
|
0-0: Called Strike 0-1: Foul Ball, location: 2F 0-2: Fly out, F7 (Flyball, 7LD, EV 93.1 MPH)
|
Batting: LHB Pete Mitchell
|
0-0: Called Strike 0-1: Called Strike 0-2: Ball 1-2: Fly out, F6 (Popup, 6, EV 79.4 MPH)
|
Batting: RHB David Snyder
|
0-0: Ball 1-0: Ball 2-0: Fly out, F9 (Flyball, 9D, EV 93.8 MPH)
|
Bottom of the 4th over - 0 runs, 1 hit, 0 errors, 1 left on base; New Jersey 0 - Hamilton 0 |
TOP OF THE 5TH |
New Jersey Devils batting - Pitching for Hamilton Cardinals : RHP Ryan Zart
|
Batting: SHB Ernesto Mazas
|
0-0: Foul Ball, location: 2F 0-1: Foul Ball, location: 2F 0-2: Foul Ball, location: 2F 0-2: Ball 1-2: Ball 2-2: Ball 3-2: Base on Balls
|
Batting: RHB Oscar Ramirez
|
0-0: Ball 1-0: Called Strike 1-1: Swinging Strike 1-2: Ball Ernesto Mazas steals 2nd, throwing error, E2 Ernesto Mazas to third 2-2: SINGLE (Groundball, 6MD, EV 103.8 MPH) Ernesto Mazas scores
|
Batting: SHB Tyler Maddux
|
0-0: Ball 1-0: Called Strike Oscar Ramirez is caught stealing 2nd base 2-6 1-1: Ground out 6-3 (Groundball, 6S, EV 78.1 MPH)
|
Batting: LHB Randolph Brodbeck
|
0-0: Ball 1-0: Ground out 1-6-3 (Groundball, 15S, EV 101.9 MPH)
|
Top of the 5th over - 1 run, 1 hit, 1 error, 0 left on base; New Jersey 1 - Hamilton 0 |
BOTTOM OF THE 5TH |
Hamilton Cardinals batting - Pitching for New Jersey Devils : LHP Pedro Botello
|
Batting: SHB Felipe Campanella
|
0-0: Called Strike 0-1: Called Strike 0-2: Ground out 6-3 (Groundball, 6, EV 88.8 MPH)
|
Batting: SHB Brad Meyer
|
0-0: Swinging Strike 0-1: Foul Ball, location: 2F 0-2: Ball 1-2: Ball 2-2: Foul Ball, location: 2F 2-2: Strikes out looking
|
Batting: LHB Mike East
|
0-0: Ball 1-0: Fly out, F8 (Flyball, 8LD, EV 93.1 MPH)
|
Bottom of the 5th over - 0 runs, 0 hits, 0 errors, 0 left on base; New Jersey 1 - Hamilton 0 |
TOP OF THE 6TH |
New Jersey Devils batting - Pitching for Hamilton Cardinals : RHP Ryan Zart
|
Batting: RHB Jim Freels
|
0-0: Called Strike 0-1: Called Strike 0-2: Foul Ball, location: 2F 0-2: Ball 1-2: Strikes out looking
|
Pitching: RHP Daniel McCleese
|
|
Batting: RHB Brian Bonin
|
0-0: Called Strike 0-1: Ball 1-1: Ball 2-1: Ball 3-1: Fly out, F9 (Flyball, 9, EV 82.5 MPH)
|
Batting: RHB Craig Alvarado
|
0-0: Called Strike 0-1: Foul Ball, location: 2F 0-2: Foul Ball, location: 2F 0-2: Fly out, F8 (Flyball, 78S, EV 88.1 MPH)
|
Top of the 6th over - 0 runs, 0 hits, 0 errors, 0 left on base; New Jersey 1 - Hamilton 0 |
BOTTOM OF THE 6TH |
Hamilton Cardinals batting - Pitching for New Jersey Devils : LHP Pedro Botello
|
Batting: SHB J.T. Ready
|
0-0: Called Strike 0-1: Ball 1-1: Ball 2-1: Ground out 1-3 (Groundball, 13S, EV 65.6 MPH)
|
Batting: RHB Mario Carbajal
|
0-0: Called Strike 0-1: Foul Ball, location: 2F 0-2: Ball 1-2: Ball 2-2: Ball 3-2: Ground out 1-3 (Groundball, P, EV 73.8 MPH)
|
Batting: RHB Joey Black
|
0-0: Fly out, F8 (Flyball, 8LXD, EV 93.1 MPH)
|
Bottom of the 6th over - 0 runs, 0 hits, 0 errors, 0 left on base; New Jersey 1 - Hamilton 0 |
TOP OF THE 7TH |
New Jersey Devils batting - Pitching for Hamilton Cardinals : RHP Daniel McCleese
|
Batting: RHB Sergio Andrada
|
0-0: Fly out, F4 (Line Drive, 4, EV 66.2 MPH)
|
Batting: RHB Eric Zylstra
|
0-0: Called Strike 0-1: Ball 1-1: Foul Ball, location: 2F 1-2: Ball 2-2: Ground out 4-3 (Groundball, 4S, EV 86.9 MPH)
|
Batting: SHB Ernesto Mazas
|
0-0: Ball 1-0: Ball 2-0: Called Strike 2-1: Called Strike 2-2: Strikes out swinging
|
Top of the 7th over - 0 runs, 0 hits, 0 errors, 0 left on base; New Jersey 1 - Hamilton 0 |
BOTTOM OF THE 7TH |
Hamilton Cardinals batting - Pitching for New Jersey Devils : LHP Pedro Botello
|
Pitching: RHP Justin Vallis
|
|
Batting: RHB Shou-feng Chang
|
0-0: Swinging Strike 0-1: Ball 1-1: Fly out, F9 (Flyball, 9, EV 83.1 MPH)
|
Batting: LHB Pete Mitchell
|
0-0: Ball 1-0: Fly out, F9 (Flyball, 89S, EV 91.2 MPH)
|
Batting: RHB David Snyder
|
0-0: Called Strike 0-1: Hit by Pitch
|
Batting: SHB Felipe Campanella
|
0-0: Swinging Strike 0-1: Ball 1-1: Ball 2-1: Swinging Strike 2-2: Ground out 4-3 (Groundball, 4, EV 82.5 MPH)
|
Bottom of the 7th over - 0 runs, 0 hits, 0 errors, 1 left on base; New Jersey 1 - Hamilton 0 |
TOP OF THE 8TH |
New Jersey Devils batting - Pitching for Hamilton Cardinals : RHP Daniel McCleese
|
Batting: RHB Oscar Ramirez
|
0-0: Called Strike 0-1: Fly out, F8 (Flyball, 8LD, EV 85.6 MPH)
|
Batting: SHB Tyler Maddux
|
0-0: Ball 1-0: Foul Ball, location: 2F 1-1: Ground out 6-3 (Groundball, 4M, EV 97.5 MPH)
|
Batting: LHB Randolph Brodbeck
|
0-0: Ball 1-0: Ball 2-0: Ground out 6-3 (Groundball, 56, EV 105.0 MPH)
|
Top of the 8th over - 0 runs, 0 hits, 0 errors, 0 left on base; New Jersey 1 - Hamilton 0 |
BOTTOM OF THE 8TH |
Hamilton Cardinals batting - Pitching for New Jersey Devils : RHP Justin Vallis
|
Pinch Hitting: RHB Chris Stec
|
0-0: Called Strike 0-1: Fly out, F9 (Flyball, 9D, EV 102.5 MPH)
|
Pitching: LHP Bryce Anderson
|
|
Batting: LHB Mike East
|
0-0: Foul Ball, location: 2F 0-1: Ball 1-1: Foul Ball, location: 2F 1-2: Ball 2-2: SINGLE (Groundball, 3D, EV 100.0 MPH)
|
Batting: SHB J.T. Ready
|
0-0: Ball 1-0: Foul Ball, location: 2F 1-1: Ball 2-1: Called Strike 2-2: Ball 3-2: Strikes out swinging
|
Batting: RHB Mario Carbajal
|
0-0: Swinging Strike 0-1: Ball 1-1: Fly out, F5 (Popup, 25F, EV 83.8 MPH)
|
Bottom of the 8th over - 0 runs, 1 hit, 0 errors, 1 left on base; New Jersey 1 - Hamilton 0 |
TOP OF THE 9TH |
New Jersey Devils batting - Pitching for Hamilton Cardinals : RHP Daniel McCleese
|
Now at 1B: Chris Stec
|
|
Batting: RHB Jim Freels
|
0-0: Ball 1-0: Ball 2-0: Ground out 6-3 (Groundball, 6, EV 86.9 MPH)
|
Batting: RHB Brian Bonin
|
0-0: SINGLE (Groundball, 56D, EV 99.4 MPH)
|
Batting: RHB Craig Alvarado
|
0-0: Ball 1-0: Foul Ball, location: 2F 1-1: Swinging Strike 1-2: Ball 2-2: Ball 3-2: Fielders Choice at 2nd, 1-4 (Groundball, P, EV 61.9 MPH)
|
Batting: RHB Sergio Andrada
|
0-0: Ball 1-0: Ball 2-0: Ball 3-0: DOUBLE (Flyball, 78D, EV 101.9 MPH) Craig Alvarado to third
|
Pitching: RHP Norietsu Higashi
|
|
Batting: RHB Eric Zylstra
|
0-0: Ball 1-0: Ball 2-0: Foul Ball, location: 2F 2-1: Ball 3-1: Base on Balls
|
Batting: SHB Ernesto Mazas
|
0-0: Called Strike 0-1: Ball 1-1: Called Strike 1-2: Foul Ball, location: 2F 1-2: Strikes out swinging
|
Top of the 9th over - 0 runs, 2 hits, 0 errors, 3 left on base; New Jersey 1 - Hamilton 0 |
BOTTOM OF THE 9TH |
Hamilton Cardinals batting - Pitching for New Jersey Devils : LHP Bryce Anderson
|
Pitching: RHP Jeremy Delka
|
|
Now at 1B: Carlos Saldivar
|
|
Batting: RHB Joey Black
|
0-0: Foul Ball, location: 2F 0-1: Ground out 4-3 (Groundball, 4, EV 102.5 MPH)
|
Batting: RHB Shou-feng Chang
|
0-0: Foul Ball, location: 2F 0-1: Foul Ball, location: 2F 0-2: Strikes out looking
|
Pinch Hitting: RHB Scott Webb
|
0-0: Called Strike 0-1: Foul Ball, location: 2F 0-2: Fly out, F7 (Line Drive, 7, EV 92.5 MPH)
|
Bottom of the 9th over - 0 runs, 0 hits, 0 errors, 0 left on base; New Jersey 1 - Hamilton 0 |
|